 Dungeon Crawl Stone Soup version 0.20.1-1-g8b1a95d (webtiles) character file.

230 equalderp2856 the Skirmisher (level 5, -7/42 HPs)
             Began as a Mummy Fighter on Oct 25, 2017.
             Killed from afar by angelAurora's ghost (22 damage)
             ... with a flame tongue
             ... on level 4 of the Dungeon.
             The game lasted 00:02:17 (1723 turns).

equalderp2856 the Skirmisher (Mummy Fighter)        Turns: 1723, Time: 00:02:19

Health: -7/42      AC:  6    Str: 20    XL:     5   Next: 72%
Magic:  5/5        EV:  7    Int:  8    God:
Gold:   77         SH:  9    Dex: 11    Spells: 5/5 levels left

rFire    x . .     SeeInvis .   a - +0 war axe
rCold    + . .     Gourm    .   c - +0 shield
rNeg     + + +     Faith    .   b - +0 scale mail
rPois    ∞         Spirit   .   (no helmet)
rElec    .         Reflect  .   (no cloak)
rCorr    .         Harm     .   (no gloves)
MR       .....                  (no boots)
Stlth    ..........             (no amulet)
Regen    0.2/turn               (no ring)
MPRegen  0.1/turn               (no ring)

@: no status effects
A: no food or potions, fire vulnerability, cold resistance 1, negative energy
resistance 3, torment resistance, unbreathing
a: no special abilities


You were on level 4 of the Dungeon.
You were not hungry.

You visited 1 branch of the dungeon, and saw 4 of its levels.

You collected 77 gold pieces.

Inventory:

Hand Weapons
 a - a +0 war axe (weapon)
Armour
 b - a +0 scale mail (worn)
 c - a +0 shield (worn)
Wands
 i - a wand of confusion (24/48)
 j - a wand of iceblast (4/15)
Scrolls
 d - 2 scrolls of identify {unknown}
 e - a scroll of random uselessness {unknown}
 f - 4 scrolls of remove curse {unknown}
 g - 4 scrolls of blinking {unknown}
 h - a scroll of enchant weapon {unknown}


   Skills:
 + Level 4.0 Fighting
 * Level 3.0 Axes
 + Level 3.2 Armour
 + Level 1.0 Dodging
 + Level 3.2 Shields
 * Level 0.5 Spellcasting


You had 5 spell levels left.
You didn't know any spells.

Dungeon Overview and Level Annotations

Branches:
Dungeon (5/15)             Temple (0/1) D:4

Altars:
The Shining One

Annotations:
D:4 angelAurora's ghost, amateur DrFE


Innate Abilities, Weirdness & Mutations

You do not eat or drink.
Your flesh is vulnerable to fire.
You are immune to poison.
Your flesh is cold resistant. (rC+)
You are immune to negative energy. (rN+++)
You are immune to unholy pain and torment.
You can survive without breathing.


Message History

You are too injured to fight recklessly!
Unknown command.
The adder closely misses you.
There is an open door here.
The adder bites you but does no damage. The adder barely misses you.
The adder bites you. The adder bites you.
There is an open door here.
The adder bites you. You block the adder's attack.
The adder bites you but does no damage.
There is a stone staircase leading up here.
You block the adder's attack. x2
You climb upwards.
Level annotation: angelAurora's ghost, amateur DrFE AngelAurora's ghost casts a spell at you.
The flame tongue hits you! The fire burns you terribly!
Ouch! That really hurt!
You die...

## # #.. ####.###.# #
####.. .....#####.###
..##.## #..#........
#!##.##.##...@....#
#.##.##......S....#
####.##.#####.W......#
.........####........#
......#.......#...$.##
....#.##...##......##
#..##......#########
.#..####...#
#...####..##


You could see angelAurora's ghost and an adder.

Vanquished Creatures
  A phantom (D:4)
  A hound (D:5)
  Ijyb (D:5)
  A hound zombie (D:5)
  2 adders
  An ooze (D:1)
  An adder zombie (D:5)
  2 leopard geckos
  An orc (D:4)
  5 bats
  A giant cockroach (D:2)
  5 goblins
  5 hobgoblins
  3 jackals (D:1)
  A quokka (D:2)
  2 frilled lizards (D:1)
  7 kobolds (D:1)
  3 rats
43 creatures vanquished.

Notes
Turn   | Place    | Note
-------+----------+-------------------------------------------
     0 | D:1      | equalderp2856 the Mummy Fighter began the quest for the Orb.
     0 | D:1      | Reached XP level 1. HP: 18/18 MP: 1/1
   357 | D:1      | Reached XP level 2. HP: 21/24 MP: 2/2
   800 | D:1      | Reached XP level 3. HP: 29/29 MP: 3/3
  1070 | D:2      | Found a glowing golden altar of the Shining One.
  1284 | D:2      | You fall through a shaft for 2 floors!
  1288 | D:4      | Found a staircase to the Ecumenical Temple.
  1345 | D:4      | Noticed a phantom
  1367 | D:4      | Killed a phantom
  1367 | D:4      | Reached XP level 4. HP: 22/37 MP: 4/4
  1367 | D:4      | Reached XP level 5. HP: 25/42 MP: 5/5
  1407 | D:4      | Noticed angelAurora's ghost (amateur DrFE)
  1442 | D:4      | Noticed Ijyb
  1451 | D:5      | Entered Level 5 of the Dungeon
  1470 | D:5      | Killed Ijyb
  1658 | D:5      | Reached skill level 1 in Dodging
  1688 | D:5      | Noticed an ogre
  1691 | D:5      | Reached skill level 4 in Fighting
  1723 | D:4      | Killed from afar by angelAurora's ghost

Skill      XL: |  1  2  3  4  5 |
---------------+----------------+-----
Axes           | 2 3 |  3.0
Shields        | 3 |  3.2
Armour         | 3 |  3.2
Dodging        | 1 |  1.0
Fighting       | 4 |  4.0
Spellcasting   | |  0.5

Action                   |  1- 3 |  4- 6 || total
-------------------------+-------+-------++-------
Melee: War axe           |   163 |    31 ||   194
Armor: Scale mail        |    72 |    27 ||    99
Dodge: Dodged            |    52 |    24 ||    76
Block: Shield            |    88 |    25 ||   113
